 Dungeon Crawl Stone Soup version 0.18-a0-1035-g72c9994 (webtiles) character file.

2395 timbw the Cleaver (level 9, 11/43 HPs)
             Began as a Vine Stalker Fighter on Jan 10, 2016.
             Quit the game on level 8 of the Dungeon.
             The game lasted 00:10:52 (2218 turns).

timbw the Cleaver (Vine Stalker Fighter)            Turns: 2218, Time: 00:10:52

Health: 11/43      AC: 10    Str: 24    XL:     9   Next: 46%
Magic:  3/10       EV:  5    Int:  8    God:
Gold:   210        SH: 10    Dex: 17    Spells: 0 memorised, 8 levels left

rFire  . . .     SeeInvis .     a - +1 war axe
rCold  . . .     Gourm    .     u - +0 chain mail
rNeg   . . .     Faith    .     c - +0 shield
rPois  .         Spirit   +     (no helmet)
rElec  .         Dismiss  .     (no cloak)
rCorr  +         Reflect  .     (no gloves)
SustAt .         Harm     .     (no boots)
MR     +....                    m - amulet of inaccuracy (curse)
Stlth  ..........               p - +2 ring of protection
                                i - ring of resist corrosion

@: mighty, somewhat resistant to hostile enchantments, extremely unstealthy
A: fangs 3, regeneration 2, magic shield, antimagic bite, no device heal 3, rot
immunity
a: no special abilities


You were on level 8 of the Dungeon.
You were not hungry.

You visited 1 branch of the dungeon, and saw 9 of its levels.

You collected 210 gold pieces.

Inventory:

Hand Weapons
 a - a +1 war axe (weapon)
Armour
 b - a +0 scale mail
 c - a +0 shield (worn)
 u - a +0 chain mail (worn)
Jewellery
 i - a ring of resist corrosion (left hand)
 m - a cursed amulet of inaccuracy (around neck)
 p - a +2 ring of protection (right hand)
 w - a +3 amulet of reflection
Wands
 s - a wand of flame (24/48)
Scrolls
 e - 3 scrolls of fear
Potions
 h - 2 potions of invisibility {unknown}
 k - a potion of haste {unknown}
 l - a potion of poison {unknown}
 q - a potion of magic {unknown}
Comestibles
 f - 3 bread rations
 g - 3 meat rations
 j - 4 chunks of flesh
 n - 3 fruits
 o - a beef jerky
 r - a slice of pizza


   Skills:
 - Level 2.6 Fighting
 + Level 11.3 Axes
 - Level 2.4 Armour
 - Level 2.6 Shields


You had 8 spell levels left.
You didn't know any spells.

Dungeon Overview and Level Annotations

Branches:
Dungeon (9/15)               Lair (0/8) D:8
 Temple: D:4-7          Orc: D:9-12

Altars:
Ashenzari
Fedhas
Nemelex Xobeh

Shops:
D:7 ([

Annotations:
D:5 HunterMK1337's ghost, novice HOFi


Innate Abilities, Weirdness & Mutations

You have razor-sharp teeth.
You heal very quickly.
When hurt, damage is shared between your health and your magic reserves.
Your bite disrupts and absorbs the magic of your enemies.
Potions and wands cannot restore your health.
You are immune to rotting.


Message History

Read which item? (? for menu, Esc to quit)
As you read the scroll of fear, it crumbles to dust.
You assume a fearsome visage.
The crocodile looks frightened!
The sheep looks frightened!
The sheep bleats in terror.
The crocodile looks frightened!
The river rat looks frightened!
The crocodile looks frightened!
The basilisk looks frightened!
The rat looks frightened!
The sheep looks frightened!
The sheep bleats in terror.
The sheep looks frightened!
A frightened sheep leaps away.
The river rat looks frightened!
The hound looks frightened!
The adder looks frightened!
The shadow imp is unaffected.
The ogre looks frightened!
The shadow imp shouts, "Escape, thou mewling ditch-delivered urchin!"
Unknown command.
You found a teleport trap!
Found 11 gold pieces.
There is a staircase to the Lair here.
Are you sure you want to abandon this character and quit the game? (Confirm with "yes".)

...........†.S.....
###...........##.Y....
#.##.P...........###r....
#.#..............# #.#...
#......P..[?P.r#.###.....
....P....P♣....Y....##.#.
..P....♣..Ot.t...........
...P..♣.....5............
....P...@..♣..Y..........
...♣.....P....S.........
.....♣...P.P.............
.#..♣..P.P.....t....#.###
.......P......#####...
#......P.)..P....
#.#...........###
#$###........#.. #
###....###.##


You could see 3 crocodiles, an ogre (fleeing), a sheep (fleeing), an adder
(fleeing), a shadow imp and a rat (fleeing).

Vanquished Creatures
  A two-headed ogre (D:8)
  A hippogriff (D:8)
  A porcupine (D:8)
  A black bear (D:6)
  2 sky beasts
  2 phantoms
  A necrophage (D:7)
  2 ogres
  A crocodile (D:8)
  3 giant frogs
  A water moccasin zombie (D:7)
  2 scorpions
  A wight (D:6)
  2 crimson imps
  A hound (D:5)
  4 orc priests (D:5)
  An iguana (D:5)
  2 centaur skeletons (D:5)
  8 orc wizards
  4 sheep (D:8)
  A hound zombie (D:7)
  2 worker ant zombies (D:6)
  4 adders
  4 gnolls
  A river rat (D:8)
  3 oozes
  An adder skeleton (D:5)
  An adder zombie (D:5)
  4 giant geckos
  16 orcs
  2 bats
  4 giant cockroaches
  5 goblins
  6 hobgoblins
  8 jackals
  4 quokkas
  3 ball pythons
  2 giant newts
  A jackal skeleton (D:5)
  7 kobolds
  3 rats
123 creatures vanquished.

Vanquished Creatures (others)
  A plant (D:8)
1 creature vanquished.

Grand Total: 124 creatures vanquished

Notes
Turn   | Place    | Note
--------------------------------------------------------------
     0 | D:1      | timbw the Vine Stalker Fighter began the quest for the Orb.
     0 | D:1      | Reached XP level 1. HP: 11/11 MP: 2/2
    51 | D:1      | Reached XP level 2. HP: 13/16 MP: 3/3
   107 | D:2      | Reached skill level 3 in Axes
   109 | D:2      | Reached XP level 3. HP: 11/19 MP: 1/4
   194 | D:2      | Found a sparkling altar of Nemelex Xobeh.
   322 | D:4      | Reached XP level 4. HP: 21/23 MP: 5/5
   334 | D:4      | Noticed an orc warrior
   354 | D:3      | Reached skill level 4 in Axes
   473 | D:5      | Entered Level 5 of the Dungeon
   527 | D:5      | Reached XP level 5. HP: 27/27 MP: 6/6
   586 | D:5      | Reached skill level 5 in Axes
   593 | D:5      | Noticed an ogre
   606 | D:5      | Killed an ogre
   606 | D:5      | Gained mutation: You heal very quickly. [Vine Stalker growth]
   606 | D:5      | Reached XP level 6. HP: 32/32 MP: 7/7
   647 | D:5      | Reached skill level 6 in Axes
   667 | D:5      | Noticed a phantom
   704 | D:5      | Killed a phantom
   704 | D:5      | Reached XP level 7. HP: 18/35 MP: 5/8
   775 | D:7      | Reached skill level 7 in Axes
   952 | D:7      | Reached skill level 8 in Axes
   958 | D:7      | Found Kixejuol's Antique Weapon Emporium.
   965 | D:7      | Gained mutation: You have razor-sharp teeth. [Vine Stalker growth]
   965 | D:7      | Reached XP level 8. HP: 18/39 MP: 7/9
  1038 | D:7      | Found Hiwnunne's Armour Shoppe.
  1175 | D:6      | Found a shattered altar of Ashenzari.
  1312 | D:5      | Found a blossoming altar of Fedhas.
  1379 | D:5      | Reached skill level 9 in Axes
  1593 | D:5      | Noticed HunterMK1337's ghost (novice HOFi)
  1897 | D:6      | Reached skill level 10 in Axes
  2115 | D:8      | Reached XP level 9. HP: 11/43 MP: 5/10
  2170 | D:8      | Noticed a two-headed ogre
  2179 | D:8      | Killed a two-headed ogre
  2182 | D:8      | Reached skill level 11 in Axes
  2205 | D:8      | Found a staircase to the Lair.
  2218 | D:8      | Quit the game

Vault maps used:
D:1:      lightli_arrival_windingriver
D:2:      lemuel_coloured_pillars_altar, first_bread, nemelex_deck, uniq_natasha
D:3:      portal_sewer_entry_d, uniq_terence, uniq_sigmund
D:4:      temple_statues, dk_rats_in_the_wall
D:5:      kennysheep_mini_moat
D:6:      minmay_opposing_rooms, kennysheep_mini
D:7:      serial_shops, shop, shop
D:8:      minmay_lair_entry_grove
D:9:      old_standard_altar

Action                   |  1- 3 |  4- 6 |  7- 9 || total
-------------------------+-------+-------+-------++-------
Melee: War axe           |    85 |    90 |   226 ||   401
  Use: Potion            |       |     1 |     1 ||     2
       Scroll            |       |       |     6 ||     6
  Eat: Chunk             |       |       |     2 ||     2
       Meat ration       |       |       |     1 ||     1
       Royal jelly       |       |       |     1 ||     1
